 Dungeon Crawl Stone Soup version 0.31-a0-165-g3f4f80340b (webtiles) character file.

Game seed: 6054664305976991654

478 qw the Shooter (level 7, -1/64 HPs)
             Began as a Naga Hunter on June 13, 2023.
             Slain by a lemure (7 damage)
             ... led by Pikel
             ... on level 5 of the Dungeon.
             The game lasted 00:01:18 (3522 turns).

qw the Shooter (Naga Hunter)                        Turns: 3522, Time: 00:01:19

Health: -1/64      AC:  4    Str: 16    XL:     7   Next: 11%
Magic:  7/7        EV: 15    Int:  9    God:
Gold:   179        SH:  0    Dex: 17    Spells: 6/6 levels left

rFire   + . .        Y - +1 shortbow
rCold   . . .        (shield currently unavailable)
rNeg    . . .        c - +0 leather armour
rPois   +            h - +0 helmet
rElec   .            (no cloak)
rCorr   +            (no gloves)
SInv    +            (no barding)
Will    .....        (no amulet)
Stlth   ++           a - ring of resist corrosion
HPRegen 0.30/turn    e - ring of the Scorching Gods {rF+ EV+5 Str+3}
MPRegen 0.10/turn

%: no passive effects
@: short of breath, very slow
A: AC +2, large, see invisible, deformed body, poison resistance, slowness 2,
spit poison 1, naga tail 1
a: Spit Poison


You were on level 5 of the Dungeon.
You visited 1 branch of the dungeon, and saw 5 of its levels.

You collected 218 gold pieces.
You spent 39 gold pieces at shops.


Innate Abilities, Weirdness & Mutations

Your serpentine skin is tough. (AC +2)
You have supernaturally acute eyesight. (SInv)
Armour fits poorly on your strangely shaped body.
Your system is resistant to poisons. (rPois)
You cover ground very slowly.
You can spit poison.
You have a snake-like lower body.


   Skills:
 - Level 4.0 Fighting
 + Level 6.4 Ranged Weapons
 - Level 2.4 Dodging
 - Level 1.5 Stealth


You had 6 spell levels left.
You didn't know any spells.
Your spell library was empty.

Inventory:

Hand Weapons
 Y - a +1 shortbow (weapon)
Armour
 c - a +0 leather armour (worn)
 h - a +0 helmet (worn)
Jewellery
 a - a ring of resist corrosion (left hand)
 e - the ring of the Scorching Gods (right hand) {rF+ EV+5 Str+3}
   (You found it on level 2 of the Dungeon)

   [ring of evasion]

   EV:        It affects your evasion (+5).
   Str:       It affects your strength (+3).
   rF:        It protects you from fire.
Scrolls
 d - a scroll of identify
Potions
 b - a potion of haste {unknown}
 f - a potion of brilliance {unknown}
 g - a potion of curing
 j - a potion of degeneration {unknown}

Dungeon Overview and Level Annotations

Branches:
Dungeon (5/15)
 Temple: D:4-7

Altars:
Cheibriados
Dithmenos
Ru

Shops:
D:2 !

Annotations:
D:3 3 runed translucent doors, qw's ghost, amateur GrHu
D:5 Pikel


Message History

3514 ||| INVOKING Spit Poison.
Aiming: Spit Poison (1% risk of failure)
Press: ? - help, Shift-Dir - straight line, f - lemure The splash of poison hits the lemure.
The lemure is lightly wounded.
A gnoll comes into view. It is wielding a +0 club.
You shoot an arrow. The arrow closely misses the lemure.
The gnoll shouts!
You hear a shout!
You shoot an arrow. The arrow closely misses the lemure.
The lemure closely misses you.
A gnoll comes into view. It is wielding a +0 whip.
Pikel waves his whip at you. The lemure hits you.
You shoot an arrow. The arrow hits the lemure.
The lemure is moderately wounded.
The lemure hits you but does no damage. The lemure hits you.
3518 ||| Stepping ~*~*~tactically~*~*~ (outnumbered).
The lemure attacks as you move away! The lemure hits you.
The gnoll sergeant hits you from afar with a +1 trident of flaming.
The lemure barely misses you.
You shoot an arrow. The arrow hits the lemure.
The lemure is heavily wounded.
The gnoll sergeant hits you from afar with a +1 trident of flaming!
The gnoll sergeant burns you. The lemure completely misses you.
You shoot an arrow. The arrow closely misses the lemure.
You have got your breath back.
The lemure hits you. The lemure barely misses you.
The gnoll sergeant hits you from afar with a +1 trident of flaming!
The gnoll sergeant burns you. The lemure closely misses you.
3521 ||| INVOKING Spit Poison.
Aiming: Spit Poison (1% risk of failure)
Press: ? - help, Shift-Dir - straight line, f/p - lemure The splash of poison misses the lemure.
The lemure misses you. The lemure hits you.
The gnoll sergeant hits you from afar with a +1 trident of flaming.
The gnoll sergeant burns you. The lemure hits you.
You shoot an arrow. The arrow misses the lemure.
The lemure closely misses you. The lemure hits you!
You die...

...... #.# ...... ..
...... ..# ....K.#
###..# ....).. #....#
.....5. #.#.#
.....gg###...# ###)
(..!..l5@...##.....
...##..55......# .
#...##......#..
.#.......###...#. ...
.....................
...##.>.......##......
...#
#...).....#....... ...
###.#####...#...
##.......#...


You could see 4 lemures, a gnoll sergeant, an iguana and a gnoll.

Vanquished Creatures
  2 scorpions
  3 orc priests (D:4)
  3 orc wizards (D:4)
  A gnoll (D:5)
  8 adders
  3 worms
  4 dart slugs
  10 orcs (D:4)
  10 endoplasms
  6 giant cockroaches
  5 goblins
  6 hobgoblins
  2 jackals (D:2)
  4 quokkas
  11 ball pythons
  3 bats (D:1)
  4 frilled lizards
  7 kobolds
  7 rats
99 creatures vanquished.

Notes
Turn   | Place    | Note
-------+----------+-------------------------------------------
     0 | D:1      | qw the Naga Hunter began the quest for the Orb.
     0 | D:1      | Reached XP level 1. HP: 19/19 MP: 1/1
     0 | D:1      | 0 ||| qw: Version: 0.2-a-29-gc1b59c4
     0 | D:1      | 0 ||| qw: Game counter: 4688
     0 | D:1      | 0 ||| qw: Always use a shield: true
     0 | D:1      | 0 ||| qw: God list: Okawaru
     0 | D:1      | 0 ||| qw: Allow faded altars: false
     0 | D:1      | 0 ||| qw: Do Orc after D:15 true
     0 | D:1      | 0 ||| qw: Do second Lair branch before Depths: true
     0 | D:1      | 0 ||| qw: Lair rune preference: random
     0 | D:1      | 0 ||| qw: Plans: Normal
     0 | D:1      | 0 ||| PLANNING D:1-11
    46 | D:1      | 46 ||| INVOKING Spit Poison.
    49 | D:1      | 49 ||| INVOKING Spit Poison.
    74 | D:1      | 74 ||| INVOKING Spit Poison.
   103 | D:1      | 103 ||| INVOKING Spit Poison.
   118 | D:1      | 118 ||| INVOKING Spit Poison.
   135 | D:1      | 135 ||| INVOKING Spit Poison.
   136 | D:1      | Reached skill level 4 in Ranged Weapons
   136 | D:1      | Reached XP level 2. HP: 26/26 MP: 2/2
   157 | D:1      | 157 ||| INVOKING Spit Poison.
   184 | D:1      | 184 ||| INVOKING Spit Poison.
   193 | D:1      | 193 ||| INVOKING Spit Poison.
   258 | D:1      | 258 ||| INVOKING Spit Poison.
   268 | D:1      | 268 ||| INVOKING Spit Poison.
   280 | D:1      | 280 ||| INVOKING Spit Poison.
   286 | D:1      | 286 ||| INVOKING Spit Poison.
   458 | D:1      | 458 ||| INVOKING Spit Poison.
   546 | D:1      | Reached XP level 3. HP: 32/32 MP: 3/3
   677 | D:1      | 677 ||| UPGRADING to +0 helmet.
   682 | D:1      | 682 ||| READING scroll labelled SEXKUSASEIBB.
   683 | D:1      | 683 ||| READING scroll labelled VUKUVE VUCYOL.
   684 | D:1      | 684 ||| READING scroll labelled DIODUR DUTHYU.
   685 | D:1      | 685 ||| READING scroll labelled JAYMAMNONWE.
   686 | D:1      | 686 ||| DROPPING scroll of butterflies.
   694 | D:2      | 694 ||| INVOKING Spit Poison.
   697 | D:2      | 697 ||| INVOKING Spit Poison.
   741 | D:2      | Found Cireapn's Distillery.
   748 | D:2      | 748 ||| INVOKING Spit Poison.
   751 | D:2      | 751 ||| BUYING potion of curing (39 gold).
   751 | D:2      | Bought a potion of curing for 39 gold pieces
   751 | D:2      | 751 ||| SHOPLISTING potion of curing (39 gold, have 15).
   751 | D:2      | 751 ||| SHOPLISTING potion of mutation (104 gold, have 15).
   824 | D:2      | 824 ||| INVOKING Spit Poison.
   827 | D:2      | 827 ||| INVOKING Spit Poison.
   856 | D:2      | 856 ||| INVOKING Spit Poison.
   859 | D:2      | 859 ||| INVOKING Spit Poison.
   862 | D:2      | 862 ||| INVOKING Spit Poison.
   867 | D:2      | 867 ||| INVOKING Spit Poison.
   939 | D:2      | 939 ||| INVOKING Spit Poison.
   950 | D:2      | 950 ||| INVOKING Spit Poison.
   955 | D:2      | 955 ||| INVOKING Spit Poison.
   958 | D:2      | Reached skill level 5 in Ranged Weapons
   958 | D:2      | Reached XP level 4. HP: 39/39 MP: 4/4
  1001 | D:2      | 1001 ||| INVOKING Spit Poison.
  1038 | D:2      | 1038 ||| INVOKING Spit Poison.
  1059 | D:2      | 1059 ||| INVOKING Spit Poison.
  1065 | D:2      | 1065 ||| INVOKING Spit Poison.
  1089 | D:2      | Identified the ring of the Scorching Gods {rF+ EV+5 Str+3}
  1120 | D:2      | 1120 ||| INVOKING Spit Poison.
  1123 | D:2      | 1123 ||| INVOKING Spit Poison.
  1440 | D:2      | 1440 ||| UPGRADING to ring of resist corrosion.
  1441 | D:2      | 1441 ||| UPGRADING to ring of the Scorching Gods {rF+ EV+5
                  | Str+3}.
  1442 | D:2      | 1442 ||| READING scroll labelled UPSYMUISEL.
  1443 | D:2      | 1443 ||| READING scroll labelled COZXEOP FUNOAD.
  1467 | D:3      | Noticed qw's ghost (amateur GrHu)
  1470 | D:3      | Found a runed translucent gate.
  1470 | D:3      | Found a runed translucent gate.
  1470 | D:3      | Found a runed translucent gate.
  1481 | D:3      | 1481 ||| INVOKING Spit Poison.
  1487 | D:3      | 1487 ||| INVOKING Spit Poison.
  1511 | D:3      | 1511 ||| INVOKING Spit Poison.
  1564 | D:3      | 1564 ||| INVOKING Spit Poison.
  1567 | D:3      | Reached skill level 3 in Fighting
  1595 | D:3      | 1595 ||| INVOKING Spit Poison.
  1603 | D:3      | 1603 ||| INVOKING Spit Poison.
  1606 | D:3      | Found a snail-covered altar of Cheibriados.
  1644 | D:3      | 1644 ||| INVOKING Spit Poison.
  1649 | D:3      | 1649 ||| INVOKING Spit Poison.
  1650 | D:3      | Reached XP level 5. HP: 45/49 MP: 5/5
  1668 | D:3      | 1668 ||| INVOKING Spit Poison.
  1697 | D:3      | 1697 ||| INVOKING Spit Poison.
  1705 | D:3      | 1705 ||| INVOKING Spit Poison.
  2003 | D:3      | 2003 ||| INVOKING Spit Poison.
  2035 | D:3      | 2035 ||| INVOKING Spit Poison.
  2079 | D:3      | 2079 ||| INVOKING Spit Poison.
  2137 | D:3      | Found a faded altar of an unknown god.
  2199 | D:3      | 2199 ||| READING scroll labelled EWNASHR NEELAU.
  2200 | D:3      | 2200 ||| READING scroll labelled FONIMA MERO.
  2245 | D:4      | 2245 ||| INVOKING Spit Poison.
  2278 | D:4      | 2278 ||| INVOKING Spit Poison.
  2279 | D:4      | Reached skill level 6 in Ranged Weapons
  2285 | D:4      | 2285 ||| INVOKING Spit Poison.
  2288 | D:4      | Reached XP level 6. HP: 56/56 MP: 6/6
  2291 | D:4      | 2291 ||| INVOKING Spit Poison.
  2300 | D:4      | Found a sacrificial altar of Ru.
  2302 | D:4      | Found a shadowy altar of Dithmenos.
  2330 | D:4      | 2330 ||| INVOKING Spit Poison.
  2334 | D:4      | 2334 ||| INVOKING Spit Poison.
  2336 | D:4      | 2336 ||| Stepping ~*~*~tactically~*~*~ (outnumbered).
  2341 | D:4      | 2341 ||| INVOKING Spit Poison.
  2348 | D:4      | 2348 ||| INVOKING Spit Poison.
  2358 | D:4      | 2358 ||| INVOKING Spit Poison.
  2363 | D:4      | 2363 ||| INVOKING Spit Poison.
  2368 | D:4      | 2368 ||| INVOKING Spit Poison.
  2371 | D:4      | 2371 ||| INVOKING Spit Poison.
  2393 | D:4      | 2393 ||| FLEEEEING.
  2394 | D:4      | 2394 ||| FLEEEEING.
  2396 | D:4      | 2396 ||| FLEEEEING.
  2398 | D:4      | 2398 ||| INVOKING Spit Poison.
  2415 | D:4      | 2415 ||| INVOKING Spit Poison.
  2459 | D:4      | 2459 ||| INVOKING Spit Poison.
  2486 | D:4      | 2486 ||| INVOKING Spit Poison.
  2492 | D:4      | 2492 ||| INVOKING Spit Poison.
  2774 | D:4      | 2774 ||| INVOKING Spit Poison.
  2860 | D:4      | 2860 ||| DRINKING 2 potions of curing.
  2860 | D:4      | 2860 ||| (to cure confusion)
  2862 | D:4      | 2862 ||| INVOKING Spit Poison.
  2869 | D:4      | 2869 ||| INVOKING Spit Poison.
  2875 | D:4      | 2875 ||| INVOKING Spit Poison.
  2878 | D:4      | 2878 ||| INVOKING Spit Poison.
  2880 | D:4      | Reached XP level 7. HP: 64/64 MP: 7/7
  2903 | D:4      | 2903 ||| INVOKING Spit Poison.
  2915 | D:4      | Identified the +0 robe of Yproag {rElec Int+3 Dex-2
                  | Archmagi}
  2941 | D:4      | 2941 ||| INVOKING Spit Poison.
  3077 | D:4      | 3077 ||| INVOKING Spit Poison.
  3106 | D:4      | 3106 ||| INVOKING Spit Poison.
  3338 | D:4      | Identified the +0 hand axe of Tuubbyl {distort, rF+ rN+
                  | Str+3 Dex+4}
  3412 | D:4      | 3412 ||| INVOKING Spit Poison.
  3432 | D:4      | 3432 ||| DROPPING +0 robe of Yproag {rElec Int+3 Dex-2
                  | Archmagi}.
  3433 | D:4      | 3433 ||| READING scroll labelled TEUCRI FITIDO.
  3477 | D:5      | Entered Level 5 of the Dungeon
  3511 | D:5      | 3511 ||| INVOKING Spit Poison.
  3513 | D:5      | Noticed Pikel
  3514 | D:5      | 3514 ||| INVOKING Spit Poison.
  3518 | D:5      | 3518 ||| Stepping ~*~*~tactically~*~*~ (outnumbered).
  3521 | D:5      | 3521 ||| INVOKING Spit Poison.
  3521 | D:5      | HP: 15/64 [lemure[Pikel] (3)]
  3521 | D:5      | HP: 5/64 [lemure[Pikel] (3)]
  3522 | D:5      | Slain by a lemure

Levels and vault maps discovered:
D:1:      dpeg_arrival_rhombus, layout_loops_ring, feat_on_display
D:2:      layout_basic, serial_shops, shop, minivault_25,
          minmay_misc_feat_doors, uniq_crazy_yiuf_cottage
D:3:      layout_basic, old_standard_altar,
          hellmonk_ecumenical_altar_leap_of_faith, gammafunk_ghost_split
D:4:      layout_layer_cave, jmf_multi_god_temple
D:5:      layout_rooms, uniq_grinder, uniq_pikel

Skill      XL: |  1  2  3  4  5  6 |
---------------+-------------------+-----
Ranged Weapons | 4 5 6 |  6.4
Fighting       | 3 4 |  4.0
Dodging        | 2 |  2.4
Stealth        | |  1.5

Action                     |  1- 3 |  4- 6 |  7- 9 || total
---------------------------+-------+-------+-------++-------
   Fire: Shortbow          |    58 |   116 |    20 ||   194
Ability: Spit Poison       |    26 |    42 |     8 ||    76
    Use: Scroll            |     4 |     4 |     1 ||     9
         Potion            |       |     1 |       ||     1
 Armour: Leather armour    |     6 |     7 |     3 ||    16
  Dodge: Dodged            |     7 |    21 |     8 ||    36

Table legend:
 A = Non-vault XP
 B = Vault XP
 C = Vault XP percentage of total XP
 D = Non-vault monster count
 E = Vault monster count
 F = Vault count percentage of total count
                 A         B        C        D         E       F
            +---------+---------+-------+---------+---------+-------
      Total |     598 |      85 |  12.4 |      97 |       2 |   2.0
            +---------+---------+-------+---------+---------+-------
        D:1 |      34 |       0 |   0.0 |      22 |       0 |   0.0
        D:2 |      75 |       0 |   0.0 |      22 |       0 |   0.0
        D:3 |     167 |       0 |   0.0 |      20 |       0 |   0.0
        D:4 |     308 |      85 |  21.6 |      32 |       2 |   5.9
        D:5 |      14 |       0 |   0.0 |       1 |       0 |   0.0
            +---------+---------+-------+---------+---------+-------
